[Event "Late-Titled-Tuesday-Blitz-February-06-2024"]
[Site "Chess.com"]
[Date "2024.02.06"]
[Round "4"]
[White "SuanFernandes"]
[Black "RichardLeyvaP"]
[Result "0-1"]
[WhiteElo "2307"]
[BlackElo "2512"]
[TimeControl "180+1"]
[EndTime "14:37:56 PST"]
[Termination "RichardLeyvaP won by resignation"]

1. d4 Nf6 2. c4 g6 3. Nc3 Bg7 4. e4 d6 5. Nf3 O-O 6. Be2 Bg4 7. O-O Nc6 8. d5 Bxf3 9. Bxf3 Na5 10. Be2 Nd7 11.
Qc2 c5 12. Be3 Rc8 13. f4 e6 14. dxe6 fxe6 15. Rad1 Qe7 16. Nb5 d5 17. Nxa7 Ra8 18. Nb5 Nc6 19. cxd5 exd5 20. e5 Nb4 21. Qb3 c4 22.
Qc3 Nxa2 23. Qd4 Nb4 24. Nd6 Nxe5 25. Qc5 Nec6 26. Bf3 b6 27. Bxd5+ Kh8 28. Nf7+ Rxf7 29. Qxe7 Rxe7 30. Bxb6 Nxd5 31. Rxd5 Bxb2 32. Rd6 Rc8 33. Rfd1 c3 0-1

[Event "Late-Titled-Tuesday-Blitz-February-06-2024"]
[Site "Chess.com"]
[Date "2024.02.06"]
[Round "4"]
[White "Eloist"]
[Black "Sanyura"]
[Result "0-1"]
[WhiteElo "2439"]
[BlackElo "2694"]
[TimeControl "180+1"]
[EndTime "14:37:58 PST"]
[Termination "Sanyura won by resignation"]

1. e4 c5 2. Nf3 e6 3. d4 cxd4 4. Nxd4 Nf6 5. Nc3 Nc6 6. Nxc6 bxc6 7. e5 Nd5 8. Ne4 Qc7 9. f4 Qb6 10. c4 Bb4+ 11. Ke2 Ba6 12. Kf3 f5 13. exf6 Nxf6 14. Nd6+ Bxd6 15. Qxd6 c5 16. Qxb6 axb6 17. Bd3 d5 18. Re1 dxc4 19. Bf5 Bc8 20. Bxe6 Bxe6 21. Rxe6+ Kf7 22. Rxb6 Rhd8 23. Rb7+ Kg6 24. f5+ Kxf5 25. g4+ Kg6 26. Be3 Rd3 27. g5 Nd5 28. Re1 Rf8+ 29. Ke4 Nxe3 30. Rxe3 Re8+ 31. Kf4 Rdxe3 0-1

[Event "Late-Titled-Tuesday-Blitz-February-06-2024"]
[Site "Chess.com"]
[Date "2024.02.06"]
[Round "4"]
[White "DinaBelenkaya"]
[Black "brm72"]
[Result "1-0"]
[WhiteElo "2434"]
[BlackElo "2629"]
[TimeControl "180+1"]
[EndTime "14:37:58 PST"]
[Termination "DinaBelenkaya won by resignation"]

1. Nf3 e6 2. g3 b6 3. Bg2 Bb7 4. d3 Nf6 5. Nbd2 d5 6. O-O Be7 7. Re1 O-O 8. c3 Nbd7 9. Qc2 c5 10. e4 dxe4 11. dxe4 Qc7 12. e5 Nd5 13. a4 Rfd8 14. Nc4 a6 15. Ng5 g6 16. h4 b5 17. axb5 axb5 18.
Rxa8 Rxa8 19. Nd6 Bxd6 20. exd6 Qxd6 21. Ne4 Qf8 22. h5 Rb8 23. Bg5 h6 24. hxg6 hxg5 25. Nxg5 fxg6 26. Qxg6+ Qg7 27. Qxe6+ Kh8 28. Nf7+ Kh7 29.
Be4+ 1-0

[Event "Late-Titled-Tuesday-Blitz-February-06-2024"]
[Site "Chess.com"]
[Date "2024.02.06"]
[Round "4"]
[White "MikaelyanArman"]
[Black "manitodeplomo"]
[Result "1-0"]
[WhiteElo "2862"]
[BlackElo "2624"]
[TimeControl "180+1"]
[EndTime "14:37:59 PST"]
[Termination "MikaelyanArman won by resignation"]

1. d4 Nf6 2. c4 e6 3. Nf3 b6 4.
a3 Bb7 5. Nc3 d5 6. cxd5 Nxd5 7.
e3 g6 8. Bb5+ c6 9. Bd3 Bg7 10. e4 Nxc3 11. bxc3 O-O 12. Bg5 Qc7 13. O-O c5 14. Qe2 Nc6 15. e5 Na5 16. Be4 Bxe4 17. Qxe4 Qc6 18. Qh4 cxd4 19. cxd4 Rfc8 20. Bf6 Bf8 21.
Rae1 Nc4 22. Re4 h6 23. Rg4 Qa4 24. Qg3 Qc2 25. h4 Qf5 26. Rf4 Qd3 27. h5 Rc6 28.
Rg4 Kh7 29. Ng5+ hxg5 30. Qxd3 1-0

[Event "Late-Titled-Tuesday-Blitz-February-06-2024"]
[Site "Chess.com"]
[Date "2024.02.06"]
[Round "4"]
[White "alphienothere"]
[Black "Mikhail_Golubev"]
[Result "0-1"]
[WhiteElo "2249"]
[BlackElo "2666"]
[TimeControl "180+1"]
[EndTime "14:37:59 PST"]
[Termination "Mikhail_Golubev won by checkmate"]

1. d4 Nf6 2. Nf3 g6 3. Bg5 Bg7 4. Nbd2 O-O 5. e4 d6 6. Bd3 Nc6 7. O-O e5 8. c3 h6 9. Bh4 Qe8 10.
d5 Nb8 11. Re1 Nh5 12. Bg3 Na6 13. Bxa6 bxa6 14. Nf1 f5 15. exf5 gxf5 16. Bh4 Qg6 17. Ng3 Nf4 18. c4 Rf7 19. Qa4 Bd7 20. Qxa6 Nxg2 21. Kxg2 f4 22. c5 fxg3 23. hxg3 Raf8 24.
Re3 e4 25. cxd6 exf3+ 26. Kg1 cxd6 27. Qxa7 Bh3 28. Qa3 Bg2 29. Be7 Qh5 30. Bxf8 Qh1# 0-1

[Event "Late-Titled-Tuesday-Blitz-February-06-2024"]
[Site "Chess.com"]
[Date "2024.02.06"]
[Round "4"]
[White "SpeedofLight0"]
[Black "snowlord"]
[Result "1-0"]
[WhiteElo "3043"]
[BlackElo "2867"]
[TimeControl "180+1"]
[EndTime "14:38:01 PST"]
[Termination "SpeedofLight0 won by resignation"]

1. d4 d5 2. Nc3 Nf6 3. Bf4 e6 4. e3 Bb4 5. Bd3 c5 6. dxc5 Nbd7 7. Nf3 Nxc5 8. O-O Bxc3 9. bxc3 O-O 10. Bg5 h6 11. Bh4 b6 12. Ne5 Bb7 13. Ng4 Ncd7 14. Bb5 Qc7 15. Nxf6+ Nxf6 16. Bxf6 gxf6 17. Qg4+ Kh7 18.
Bd3+ f5 19. c4 Rg8 20. Bxf5+ exf5 21. Qxf5+ Rg6 22. cxd5 Rg8 23. g3 Qc8 24. Qxf7+ R8g7 25. Qf3 Qxc2 26. e4 Qc8 27. Rad1 Qh3 28. Rfe1 Bc8 29. Qg2 Qh5 30. e5 Bh3 31. Qe4 Bf5 32. Qg2 Bh3 33. Qe4 Bf5 34. Qe3 Bg4 35. Rd3 Bf5 36.
Rd4 Rg4 37. e6 Rxd4 38. Qxd4 Qf3 39. e7 Rg4 40. Qxg4 1-0

[Event "Late-Titled-Tuesday-Blitz-February-06-2024"]
[Site "Chess.com"]
[Date "2024.02.06"]
[Round "4"]
[White "katharinareinecke"]
[Black "j_coca"]
[Result "0-1"]
[WhiteElo "1978"]
[BlackElo "2451"]
[TimeControl "180+1"]
[EndTime "14:38:01 PST"]
[Termination "j_coca won by checkmate"]

1. e4 g6 2. d4 Bg7 3. g3 d6 4.
Bg2 Nc6 5. c4 Nh6 6. Ne2 O-O 7.
O-O e5 8. d5 Ne7 9. Nbc3 f5 10. Bg5 Nf7 11. Bd2 h6 12. Rc1 g5 13.
b4 f4 14. Bh1 Ng6 15. c5 a6 16. a4 h5 17. b5 Nh6 18. cxd6 cxd6 19. bxa6 bxa6 20. Qb3 h4 21. a5 Bh3 22. Rfe1 Ng4 23. f3 Nf6 24. g4 Nxg4 25. fxg4 f3 26. Bxf3 Rxf3 27. Qb4 Qf6 28. Na4 Rf8 29. Nb6 Rf1+ 30. Rxf1 Qxf1+ 31. Rxf1 Rxf1# 0-1

[Event "Late-Titled-Tuesday-Blitz-February-06-2024"]
[Site "Chess.com"]
[Date "2024.02.06"]
[Round "4"]
[White "rezamahdavi2008"]
[Black "BogdanDeac"]
[Result "0-1"]
[WhiteElo "2832"]
[BlackElo "3003"]
[TimeControl "180+1"]
[EndTime "14:38:04 PST"]
[Termination "BogdanDeac won by resignation"]

1. d4 Nf6 2. c4 g6 3. Nc3 Bg7 4.
e4 d6 5. Nge2 O-O 6. Ng3 a6 7.
Be2 c5 8. d5 b5 9. cxb5 axb5 10. Bxb5 Ba6 11. Bxa6 Nxa6 12. O-O Qa5 13. a3 Rfb8 14. Re1 c4 15. e5 dxe5 16. Rxe5 e6 17. Bf4 Nd7 18. Re2 e5 19. Be3 Nac5 20. Bxc5 Nxc5 21.
Nge4 Nd3 22. b4 Rxb4 23. axb4 Qxa1 24. Rd2 f5 25. Nc5 Qxc3 0-1

[Event "Late-Titled-Tuesday-Blitz-February-06-2024"]
[Site "Chess.com"]
[Date "2024.02.06"]
[Round "4"]
[White "OparinGrigoriy"]
[Black "Bilan_Danila"]
[Result "1-0"]
[WhiteElo "2991"]
[BlackElo "2606"]
[TimeControl "180+1"]
[EndTime "14:38:05 PST"]
[Termination "OparinGrigoriy won on time"]

1. a3 d5 2. Nf3 Nf6 3. e3 Bg4 4. h3 Bh5 5. b4 e6 6. Bb2 Nbd7 7. d3 a5 8. b5 Bd6 9. Nbd2 Qe7 10. g4 Bg6 11. Bg2 c6 12. a4 e5 13. Nh4 O-O 14. O-O e4 15. dxe4 Nxe4 16. Nxg6 hxg6 17. Nxe4 dxe4 18. Qd4 Nf6 19. g5 Nh5 20. Rad1 Rad8 21. Qxe4 Qxg5 22. bxc6 bxc6 23. Qxc6 Be5 24. f4 Nxf4 25.
exf4 Bxf4 26. Rxd8 Rxd8 27. Qf3 Be3+ 28. Kh1 f6 29. c4 Rd2 30. Bc3 Rd3 31. Be1 Kh7 32. Bf2 Rb3 33. Bxe3 Rxe3 34. Qd5 Re5 35. Qd3 Re3 36. Qc2 Qh4 37. c5 Re1 38. Qd3 Rxf1+ 39.
Qxf1 Qd4 40. c6 1-0

[Event "Late-Titled-Tuesday-Blitz-February-06-2024"]
[Site "Chess.com"]
[Date "2024.02.06"]
[Round "4"]
[White "SHIVACalypso"]
[Black "Hamisandwich"]
[Result "0-1"]
[WhiteElo "2530"]
[BlackElo "2741"]
[TimeControl "180+1"]
[EndTime "14:38:05 PST"]
[Termination "Hamisandwich won by checkmate"]

1. Nf3 c5 2. c4 e6 3. g3 Nf6 4.
Bg2 d5 5. cxd5 exd5 6. O-O Nc6 7. b3 Bf5 8. Bb2 d4 9. d3 Be7 10. Nbd2 h6 11. Rc1 Rc8 12. Nc4 O-O 13. Nfe5 Nxe5 14. Nxe5 Nd5 15. Qd2 Bg5 16. f4 Bf6 17. Bxd5 Qxd5 18.
Nf3 Rfe8 19. Rfe1 b6 20. b4 Re3 21. bxc5 bxc5 22. Qa5 Bxd3 23. Nxd4 Bxd4 24. Bxd4 Qxd4 25. Kf1 Rf3+ 26. Kg2 Rf2+ 27. Kh3 Bf5+ 28. g4 Qe3+ 29. Kh4 Rxh2# 0-1

[Event "Late-Titled-Tuesday-Blitz-February-06-2024"]
[Site "Chess.com"]
[Date "2024.02.06"]
[Round "4"]
[White "platy3"]
[Black "Flawless_Fighter"]
[Result "1-0"]
[WhiteElo "2948"]
[BlackElo "2714"]
[TimeControl "180+1"]
[EndTime "14:38:07 PST"]
[Termination "platy3 won by resignation"]

1. e4 e5 2. Nf3 Nc6 3. Bc4 Nf6 4. d3 Be7 5. O-O d6 6. h3 O-O 7. a4 h6 8. Re1 Re8 9. Nc3 Bf8 10. a5 Be6 11. a6 b6 12. Bb5 Bd7 13. Ne2 Ne7 14. Bc4 Ng6 15. Ng3 c6 16. Bb3 d5 17.
Bd2 Qc7 18. c3 Rad8 19. Qc2 Bc8 20. d4 Nxe4 21. Nxe4 dxe4 22. Qxe4 Be6 23. Bxe6 Rxe6 24. dxe5 Nxe5 25. Nd4 Ree8 26. Bf4 Bd6 27. Bg3 g6 28. f4 Nc4 29. Qxc6 Rxe1+ 30. Rxe1 Nxb2 31. Qxc7 Bxc7 32. Re7 Rc8 33. Nb5 Bb8 34. Nxa7 Bxa7 35. Rxa7 Rxc3 36. Bf2 Ra3 37. Ra8+ Kh7 38. Bd4 1-0

[Event "Late-Titled-Tuesday-Blitz-February-06-2024"]
[Site "Chess.com"]
[Date "2024.02.06"]
[Round "4"]
[White "Hrant_ChessMood"]
[Black "arenal72"]
[Result "1-0"]
[WhiteElo "2934"]
[BlackElo "2589"]
[TimeControl "180+1"]
[EndTime "14:38:09 PST"]
[Termination "Hrant_ChessMood won on time"]

1. Nf3 d6 2. d4 g6 3. e4 Nf6 4. Nc3 Bg7 5. Be2 O-O 6. O-O Nc6 7. d5 Nb8 8. h3 e5 9. dxe6 Bxe6 10. Bf4 Nbd7 11.
Re1 Nc5 12. Bf1 Re8 13. Qd2 Bd7 14. e5 dxe5 15. Nxe5 Be6 16. Qe3 Qe7 17. Rad1 Rad8 18. Rxd8 Rxd8 19. Bg5 h6 20. Bxh6 Bxh6 21. Qxh6 Ncd7 22.
Nxg6 fxg6 23. Qxg6+ Kf8 24. Qh6+ Kf7 25. Bc4 Bxc4 26.
Rxe7+ Kxe7 27. Qe3+ Kf7 28. Qxa7 Ba6 29. Qd4 Re8 30.
b4 c6 31. a4 b6 32. Qd6 Re6 33. Qc7 Kg6 34. b5 cxb5 35. axb5 1-0

[Event "Late-Titled-Tuesday-Blitz-February-06-2024"]
[Site "Chess.com"]
[Date "2024.02.06"]
[Round "4"]
[White "zverr1"]
[Black "LikeWater"]
[Result "1-0"]
[WhiteElo "2579"]
[BlackElo "2776"]
[TimeControl "180+1"]
[EndTime "14:38:09 PST"]
[Termination "zverr1 won on time"]

1. e4 c5 2. Nf3 Nc6 3. d4 cxd4 4. Nxd4 Nf6 5. Nc3 e5 6. Ndb5 d6 7. Be3 a6 8. Na3 b5 9. Nd5 Nxd5 10. exd5 Ne7 11.
c4 bxc4 12. Nxc4 Nf5 13. Bb6 Qh4 14. Bd3 Be7 15. Bxf5 Bxf5 16. Qa4+ Kf8 17. O-O h5 18. Be3 Qe4 19. Rfd1 h4 20. h3 g5 21. Nb6 Qxa4 22.
Nxa4 Bc2 23. Nb6 Bxd1 24. Nxa8 Bc2 25. Rc1 Be4 26. Nb6 Kg7 27. f3 Bf5 28. Rc6 e4 29. Bd4+ f6 30. Rc7 1-0

[Event "Late-Titled-Tuesday-Blitz-February-06-2024"]
[Site "Chess.com"]
[Date "2024.02.06"]
[Round "4"]
[White "rdarruda"]
[Black "TheAlienParty"]
[Result "1-0"]
[WhiteElo "2544"]
[BlackElo "2379"]
[TimeControl "180+1"]
[EndTime "14:38:09 PST"]
[Termination "rdarruda won on time"]

1. Nf3 Nf6 2. d4 b5 3. g3 Bb7 4. Bg2 e6 5. O-O Be7 6. a4 a6 7.
Nbd2 O-O 8. c4 b4 9. b3 c5 10. Bb2 cxd4 11. Nxd4 Bxg2 12. Kxg2 d5 13. cxd5 Qxd5+ 14. N2f3 Nbd7 15. Rc1 Rac8 16. Nc6 Bd6 17. Qxd5 Nxd5 18. Rfd1 f5 19. Nfd4 Nc5 20. Nxe6 Nxb3 21.
Rc4 Nb6 22. Rc2 Bc5 23. Nxf8 Rxc6 24. Nd7 Nxd7 25. Rxd7 Rg6 26. Rd3 1-0

[Event "Late-Titled-Tuesday-Blitz-February-06-2024"]
[Site "Chess.com"]
[Date "2024.02.06"]
[Round "4"]
[White "bilelou"]
[Black "Beca95"]
[Result "0-1"]
[WhiteElo "2742"]
[BlackElo "2958"]
[TimeControl "180+1"]
[EndTime "14:38:10 PST"]
[Termination "Beca95 won by resignation"]

1. e4 e5 2. Nc3 Nf6 3. d4 exd4 4. Qxd4 Nc6 5. Qe3 Bb4 6. Bd2 O-O 7. O-O-O Re8 8.
Qg3 Rxe4 9. a3 Bxc3 10. Bxc3 d5 11. f3 Re6 12. Ne2 Rd6 13. Nd4 Nxd4 14. Bxd4 Bf5 15. Qf4 Be6 16. g4 Rc8 17. Be5 Rb6 18. h4 c5 19. h5 Ne8 20. h6 g6 21. g5 d4 22.
Bh3 Bxh3 23. Rxh3 Qd7 24. Rh2 Re6 25. Re2 Nd6 26. Bxd6 Qxd6 27. Qxd6 Rxd6 28. Re7 Rd5 29. f4 Rb8 30. Rde1 Kf8 31. R1e4 Rf5 32. Kd2 Rxf4 33. Rxb7 Rxb7 34. Rxf4 f5 35. gxf6 Rxb2 36. Re4 Rb7 37. Re5 Rc7 38. Rd5 Kf7 39. Rd6 g5 40. Ke2 Kg6 41.
Kf3 Rf7 42. Kg4 Rxf6 43. Rd5 Rf4+ 44. Kg3 Kxh6 45. Rxc5 Rf6 46. Rd5 Ra6 0-1

[Event "Late-Titled-Tuesday-Blitz-February-06-2024"]
[Site "Chess.com"]
[Date "2024.02.06"]
[Round "4"]
[White "babero_gordo"]
[Black "Atousa"]
[Result "0-1"]
[WhiteElo "2106"]
[BlackElo "2467"]
[TimeControl "180+1"]
[EndTime "14:38:17 PST"]
[Termination "Atousa won by resignation"]

1. e4 c5 2. d4 cxd4 3. c3 d3 4. Bxd3 Nc6 5. Nf3 d6 6. h3 Nf6 7. O-O g6 8. c4 Bg7 9. Nc3 O-O 10. Be3 Bd7 11. a3 Rc8 12. Rc1 Be6 13. Qd2 Na5 14. Qe2 Bxc4 15. b4 Bxd3 16. Qxd3 Nc4 17. Bxa7 b6 18.
Nb5 d5 19. exd5 Qxd5 20. Qxd5 Nxd5 21. Rfd1 Nf4 22. Nfd4 e5 23. g3 Nxh3+ 24. Kg2 exd4 25. Kxh3 Rfd8 26. Rd3 h5 27. Kg2 Ne3+ 28. fxe3 Rxc1 29.
Bxb6 Rb8 30. Bxd4 Rxb5 31. Bxg7 Kxg7 32. a4 Rxb4 33. Rd4 Rxd4 34. exd4 Rc4 0-1

[Event "Late-Titled-Tuesday-Blitz-February-06-2024"]
[Site "Chess.com"]
[Date "2024.02.06"]
[Round "4"]
[White "Nouali_Mohamed"]
[Black "Kosak12"]
[Result "0-1"]
[WhiteElo "2571"]
[BlackElo "2826"]
[TimeControl "180+1"]
[EndTime "14:38:18 PST"]
[Termination "Kosak12 won on time"]

1. e4 c6 2. d4 d5 3. e5 Bf5 4.
Nc3 e6 5. g4 Bg6 6. Nge2 c5 7. h4 h5 8. Nf4 Bh7 9. g5 cxd4 10. Nb5 Be4 11. f3 Bf5 12. g6 Nc6 13. Nxd4 Nge7 14. gxf7+ Kxf7 15. Nxf5 Nxf5 16. Bd3 g6 17.
Qe2 Be7 18. Rg1 Bxh4+ 19. Kd1 Rg8 20. Nh3 Qb6 21. c3 Rac8 22. Bg5 Bxg5 23. Nxg5+ Ke7 24.
Bxf5 Qxg1+ 25. Kd2 Qxg5+ 0-1

[Event "Late-Titled-Tuesday-Blitz-February-06-2024"]
[Site "Chess.com"]
[Date "2024.02.06"]
[Round "4"]
[White "prime-morty"]
[Black "ProfessorChess101"]
[Result "1-0"]
[WhiteElo "2584"]
[BlackElo "2795"]
[TimeControl "180+1"]
[EndTime "14:38:21 PST"]
[Termination "prime-morty won by checkmate"]

1. c4 e6 2. Nc3 d5 3. e3 Nf6 4. Nf3 a6 5. b3 g6 6. Bb2 Bg7 7.
Be2 O-O 8. O-O Nc6 9. d4 Re8 10.
Ne5 Nxe5 11. dxe5 Nd7 12. cxd5 Nxe5 13. dxe6 Bxe6 14. Qxd8 Raxd8 15. Rfd1 b5 16. Rxd8 Rxd8 17. Rd1 Rxd1+ 18. Nxd1 c5 19. f4 Nc6 20. Bxg7 Kxg7 21.
Kf2 Nb4 22. Nc3 f5 23. a4 c4 24. axb5 axb5 25. bxc4 bxc4 26. e4 fxe4 27. Nxe4 Na2 28. Ke3 c3 29. Bd3 Bb3 30. Nc5 Bd5 31. g3 Kh6 32.
Kd4 Bf7 33. Bb1 Kh5 34. h3 h6 35. Ne4 c2 36. Bxc2 g5 37. Nf6# 1-0

[Event "Late-Titled-Tuesday-Blitz-February-06-2024"]
[Site "Chess.com"]
[Date "2024.02.06"]
[Round "4"]
[White "WindWhistler11"]
[Black "familijatop71"]
[Result "1-0"]
[WhiteElo "2513"]
[BlackElo "2312"]
[TimeControl "180+1"]
[EndTime "14:38:22 PST"]
[Termination "WindWhistler11 won by resignation"]

1. Nf3 d5 2. g3 Nf6 3. c4 e6 4.
Bg2 Be7 5. O-O O-O 6. b3 c5 7.
Bb2 d4 8. e3 Nc6 9. exd4 cxd4 10. Re1 Re8 11. d3 Bf8 12. Ne5 Nxe5 13. Rxe5 Nd7 14.
Re1 e5 15. Na3 Nc5 16. b4 Nd7 17. Nc2 a5 18. a3 axb4 19. axb4 Rxa1 20. Qxa1 Nb6 21.
Qa5 Bf5 22. Be4 Bxe4 23. Rxe4 f6 24. Bxd4 Nxc4 25. dxc4 exd4 26. Rxe8 Qxe8 27. Qd5+ Kh8 28. Qxd4 Qc6 29. Ne3 h6 30. Nd5 b5 31. c5 Qe6 32.
Qd3 g6 33. Nf4 Qe1+ 34. Kg2 Qxb4 35. Qxg6 Qxc5 36. Qxf6+ Bg7 37. Qxg7+ Kxg7 38. Ne6+ Kf6 39. Nxc5 Ke5 40. Na6 Kd5 41. h4 Kc6 42. g4 Kb6 43. Nb4 Kc5 44. Nc2 Kc4 45. g5 hxg5 46. hxg5 Kc3 47. Ne3 b4 48. Nd5+ 1-0

[Event "Late-Titled-Tuesday-Blitz-February-06-2024"]
[Site "Chess.com"]
[Date "2024.02.06"]
[Round "4"]
[White "protectiago"]
[Black "nikitadovbnya2008"]
[Result "1-0"]
[WhiteElo "2106"]
[BlackElo "2337"]
[TimeControl "180+1"]
[EndTime "14:38:23 PST"]
[Termination "protectiago won by checkmate"]

1. d4 Nf6 2. c4 e6 3. g3 Bb4+ 4.
Bd2 c5 5. Bg2 Qb6 6. Nf3 Nc6 7.
dxc5 Bxc5 8. O-O Qxb2 9. Bc3 Qb6 10. Bxf6 gxf6 11. Nc3 a6 12. Ne4 Be7 13. Nd6+ Kf8 14.
Rb1 Qc7 15. c5 Bxd6 16. cxd6 Qa5 17. e4 b5 18. e5 fxe5 19. Nxe5 Qd8 20. Qh5 Nxe5 21.
Bxa8 Qf6 22. f4 Nc4 23. Rbe1 Nxd6 24. f5 Nxf5 25. g4 Qd4+ 26. Kh1 Ng7 27. Qxf7# 1-0

[Event "Late-Titled-Tuesday-Blitz-February-06-2024"]
[Site "Chess.com"]
[Date "2024.02.06"]
[Round "4"]
[White "rcmz"]
[Black "gtnamfrq"]
[Result "0-1"]
[WhiteElo "2135"]
[BlackElo "2288"]
[TimeControl "180+1"]
[EndTime "14:38:23 PST"]
[Termination "gtnamfrq won on time"]

1. b4 e6 2. Bb2 Nf6 3. a3 a5 4. b5 b6 5. e3 Bb7 6. f4 d6 7.
Nf3 Nbd7 8. Be2 g6 9. O-O Bg7 10. c4 O-O 11. Qc2 a4 12. Nc3 Nc5 13. Rae1 Nfe4 14.
Nxe4 Bxe4 15. d3 Bxd3 16. Bxd3 Bxb2 17. Be4 Nxe4 18. Qxe4 Bxa3 19. Nd4 Bc5 20. Nc6 Qf6 21.
Kh1 a3 22. Ra1 Ra4 23. Ra2 Qc3 24. Qb1 Rxc4 25. e4 d5 26. exd5 exd5 27. f5 Re8 28. f6 d4 29. Qd1 d3 30. Rd2 Bf8 31. Rxd3 Qb2 32. Rd2 Qxb5 33. Ne7+ Bxe7 34. fxe7 Rxe7 35.
Rd8+ Kg7 36. Qa1+ Qe5 37. Qxa3 c5 38. Qf3 Re4 39. h3 Re1 40. Rxe1 Qxe1+ 41. Kh2 Qe5+ 42. Kh1 b5 43. Rd5 Qe1+ 44. Kh2 Re5 45. Rxe5 Qxe5+ 0-1

[Event "Late-Titled-Tuesday-Blitz-February-06-2024"]
[Site "Chess.com"]
[Date "2024.02.06"]
[Round "4"]
[White "Nf3c5"]
[Black "Balla_Tamas"]
[Result "1-0"]
[WhiteElo "2578"]
[BlackElo "2417"]
[TimeControl "180+1"]
[EndTime "14:38:26 PST"]
[Termination "Nf3c5 won by resignation"]

1. d4 d5 2. Nf3 Nf6 3. e3 Bg4 4. h3 Bh5 5. g4 Bg6 6. Ne5 e6 7. h4 h5 8. Nxg6 fxg6 9. g5 Ne4 10. Bd3 Bd6 11. Nd2 Nd7 12. Nxe4 dxe4 13. Bxe4 O-O 14. Bxg6 e5 15. Qxh5 Nf6 16. gxf6 Rxf6 17. Qh7+ Kf8 18.
Qh8+ Ke7 19. Qxg7+ Ke6 20. d5+ Kxd5 21. e4+ Kc6 22. Bg5 Bb4+ 23. c3 Qd3 24. Qxf6+ Kb5 25. Qxe5+ Bc5 26. a4+ Kb6 27. a5+ Kb5 28. b4 b6 29.
bxc5 bxc5 30. Be8+ c6 31. Bxc6+ Ka6 32. Bxa8 Qf3 33.
Qd6+ Kb5 34. Rb1+ Ka4 35. Bc6+ Kxa5 36. Qxc5+ 1-0

[Event "Late-Titled-Tuesday-Blitz-February-06-2024"]
[Site "Chess.com"]
[Date "2024.02.06"]
[Round "4"]
[White "Schattman"]
[Black "ValeriyGrinev"]
[Result "0-1"]
[WhiteElo "2389"]
[BlackElo "2549"]
[TimeControl "180+1"]
[EndTime "14:38:26 PST"]
[Termination "ValeriyGrinev won on time"]

1. c4 c5 2. Nf3 g6 3. g3 Bg7 4.
Bg2 Nc6 5. Nc3 d6 6. O-O e5 7.
Ne1 Be6 8. d3 Nge7 9. Nc2 d5 10.
cxd5 Nxd5 11. Ne3 Nde7 12. Ne4 b6 13. b3 O-O 14. Bb2 h6 15. Qd2 f5 16. Nc3 Rc8 17.
Nc4 Nd4 18. e3 Ndc6 19. Rad1 Qd7 20. Ne2 Rfd8 21. Qc1 Bd5 22. f4 Bxg2 23. Kxg2 Nd5 24. Nxe5 Nxe5 25. Bxe5 Bxe5 26. fxe5 Nb4 27. Qc4+ Kh7 28.
Kg1 b5 29. Qc3 Nxa2 30. Qb2 Nb4 31. d4 Qd5 32. Nf4 Qe4 33. Qe2 c4 34. bxc4 bxc4 35.
Ra1 Rc7 36. Rfb1 Nc2 37. Ra6 Nxe3 0-1

[Event "Late-Titled-Tuesday-Blitz-February-06-2024"]
[Site "Chess.com"]
[Date "2024.02.06"]
[Round "4"]
[White "Rutricks"]
[Black "dmitrijiIM"]
[Result "1-0"]
[WhiteElo "2725"]
[BlackElo "2921"]
[TimeControl "180+1"]
[EndTime "14:38:28 PST"]
[Termination "Rutricks won on time"]

1. c4 e5 2. g3 c6 3. d4 e4 4. d5 Bb4+ 5. Bd2 Qe7 6. a3 Bxd2+ 7. Qxd2 d6 8. Nc3 c5 9. Bg2 f5 10. h4 Nd7 11. Nh3 Ne5 12. b3 Nf6 13. Nf4 g6 14.
Kd1 e3 15. fxe3 Neg4 16. Bf3 Nf2+ 17. Kc2 Nxh1 18. Rxh1 Bd7 19. h5 g5 20. Ne6 Bxe6 21. dxe6 O-O-O 22. Nd5 Qxe6 23. Qa5 Nxd5 24. Bxd5 Qe7 25.
Qxa7 Kd7 26. Qa4+ Kc7 27. Qa5+ Kb8 28. b4 Qxe3 29. Qb5 Qxe2+ 30. Kb3 Qd3+ 31. Ka4 Qc2+ 32.
Ka5 1-0

[Event "Late-Titled-Tuesday-Blitz-February-06-2024"]
[Site "Chess.com"]
[Date "2024.02.06"]
[Round "4"]
[White "CFalcons8"]
[Black "gahryman"]
[Result "0-1"]
[WhiteElo "2377"]
[BlackElo "2679"]
[TimeControl "180+1"]
[EndTime "14:38:28 PST"]
[Termination "gahryman won by resignation"]

1. d4 Nf6 2. Nc3 d5 3. Bf4 e6 4. e3 Bb4 5. Bd3 c5 6. a3 Bxc3+ 7. bxc3 Qa5 8. dxc5 Qxc3+ 9. Kf1 Qxc5 10. Nf3 Nc6 11. Nd4 O-O 12. Nxc6 bxc6 13. g4 Qe7 14. g5 Nd7 15. e4 Nc5 16. exd5 exd5 17. Qf3 Re8 18. Kg2 Qd7 19. h4 Bb7 20. h5 Ne4 21. Qh3 Qxh3+ 22.
Rxh3 c5 23. Bb5 Re7 24. Re1 a6 25. Bd3 Rae8 26. f3 c4 27. fxe4 cxd3 28. cxd3 dxe4 29.
dxe4 Rxe4 30. Rxe4 Rxe4 31. Rb3 Rb4+ 0-1

[Event "Late-Titled-Tuesday-Blitz-February-06-2024"]
[Site "Chess.com"]
[Date "2024.02.06"]
[Round "4"]
[White "Englishman_18"]
[Black "ural58"]
[Result "0-1"]
[WhiteElo "2155"]
[BlackElo "2475"]
[TimeControl "180+1"]
[EndTime "14:38:28 PST"]
[Termination "ural58 won on time"]

1. Nf3 d5 2. g3 Nc6 3. d4 Bf5 4. Bg2 Nb4 5. Na3 e6 6. c3 Nc6 7. Nc2 h6 8. O-O Nf6 9. Nce1 Be7 10. Nd3 O-O 11. Nfe5 Nxe5 12. Nxe5 Nd7 13. Nd3 c5 14. dxc5 Nxc5 15. Be3 b6 16. Ne5 Rc8 17. c4 Bf6 18. f4 Bxe5 19. fxe5 dxc4 20. Rc1 b5 21. b3 Bg4 22. Bf3 Bxf3 23. Bxc5 Qxd1 24. Rfxd1 Bxe2 25. Bxf8 Bxd1 26. Rxd1 Kxf8 27. bxc4 bxc4 28. Kf2 c3 29. Rc1 c2 30. Ke2 Rc5 31. Kd2 Ke7 32. a3 g5 33. Rf1 Rxe5 34. Kxc2 Re2+ 35. Kd3 Rxh2 36.
Rb1 Rg2 37. Rb7+ Kf6 38. Rxa7 Rxg3+ 39. Ke2 h5 40. a4 Ra3 41. a5 g4 42. Ra8 Ra2+ 43. Kf1 g3 44. a6 h4 45. a7 h3 46.
Rh8 Ra1+ 47. Ke2 g2 0-1

[Event "Late-Titled-Tuesday-Blitz-February-06-2024"]
[Site "Chess.com"]
[Date "2024.02.06"]
[Round "4"]
[White "Nick12772"]
[Black "PNEPaul"]
[Result "1-0"]
[WhiteElo "2377"]
[BlackElo "1872"]
[TimeControl "180+1"]
[EndTime "14:38:29 PST"]
[Termination "Nick12772 won by checkmate"]

1. Nf3 a6 2. g3 d6 3. Bg2 g6 4.
O-O Bg7 5. c4 Nd7 6. Nc3 e5 7.
d3 h6 8. Rb1 Ne7 9. b4 f5 10. Bb2 O-O 11. Nd5 c6 12. Nxe7+ Qxe7 13. a4 Kh7 14. b5 Nf6 15. bxc6 bxc6 16. c5 e4 17. dxe4 dxc5 18. Ne5 fxe4 19. Nxc6 Qe6 20. Ne5 Bb7 21. Qc2 Rac8 22. Nc4 Bd5 23. Ne3 Bb3 24. Qc3 Bxa4 25. Ra1 Bb5 26. Rfd1 Bxe2 27. Rd2 Bf3 28.
Qa3 Bxg2 29. Nxg2 Rc6 30. Nf4 Qg4 31. Qc3 Rf7 32. Rd8 Qf3 33. Ra8 Ng4 34. Rh8+ Bxh8 35. Qxh8# 1-0

[Event "Late-Titled-Tuesday-Blitz-February-06-2024"]
[Site "Chess.com"]
[Date "2024.02.06"]
[Round "4"]
[White "Canal_Showdrez"]
[Black "tgpgoat"]
[Result "0-1"]
[WhiteElo "2047"]
[BlackElo "2462"]
[TimeControl "180+1"]
[EndTime "14:38:31 PST"]
[Termination "tgpgoat won by resignation"]

1. d4 Nf6 2. Nf3 d5 3. e3 g6 4. Bd3 Bg7 5. O-O O-O 6. Nbd2 c5 7. c3 cxd4 8. exd4 Nc6 9. Ne5 Nxe5 10. dxe5 Nd7 11. f4 Nc5 12. Bc2 d4 13. cxd4 Qxd4+ 14. Kh1 Be6 15. Nf3 Qb4 16. Bd2 Qxb2 17. a4 Rfd8 18.
Rb1 Qa2 19. Qc1 Rac8 20. Rb2 Qd5 21. Qb1 b6 22. a5 Nd3 23. Rb5 Qc4 24. Bxd3 Qxd3 25.
axb6 axb6 26. Rxb6 Bg4 27. Qxd3 Rxd3 28. Bb4 e6 29. Ng5 Rb3 30. Ba5 Rxb6 31. Bxb6 h6 32. Nf3 Bf8 33. h3 Bf5 34. Nd4 Be4 35. Re1 Bd5 36. Nf3 Bb4 37. Rd1 Rc2 38. Bd4 h5 39. Be3 Rc3 40. Bd2 Rd3 41. Rb1 Bxd2 42. Rd1 Bxf3 43.
gxf3 Rd4 44. Kg2 Be3 45. Rb1 Bxf4 46. Rb8+ Kg7 47. Rb5 Rd5 0-1